 Dungeon Crawl Stone Soup version 0.20.1-1-g8b1a95d (webtiles) character file.

52 Mesmaeker13 the Caller (level 3, -2/19 HPs)
             Began as a Deep Elf Summoner on Sept 12, 2017.
             Slain by an adder (3 damage)
             ... on level 2 of the Dungeon.
             The game lasted 00:03:30 (2504 turns).

Mesmaeker13 the Caller (Deep Elf Summoner)          Turns: 2504, Time: 00:03:30

Health: -2/19      AC:  2    Str:  6    XL:     3   Next: 60%
Magic:  6/10       EV: 13    Int: 19    God:
Gold:   97         SH:  0    Dex: 15    Spells: 7/10 levels left

rFire    . . .     SeeInvis .   h - +0 dagger
rCold    . . .     Gourm    .   (no shield)
rNeg     . . .     Faith    .   a - +0 robe
rPois    .         Spirit   .   (no helmet)
rElec    .         Reflect  .   (no cloak)
rCorr    .         Harm     .   (no gloves)
MR       .....                  (no boots)
Stlth    ++........             (no amulet)
Regen    0.1/turn               (no ring)
MPRegen  0.2/turn               (no ring)

@: lethally poisoned (-2 -> -13), flying
A: no striking features
a: no special abilities


You were on level 2 of the Dungeon.
You were not hungry.

You visited 1 branch of the dungeon, and saw 2 of its levels.

You collected 97 gold pieces.

Inventory:

Hand Weapons
 f - a +0 hunting sling
 h - a +0 dagger (weapon)
Missiles
 g - 19 sling bullets
Armour
 a - a +0 robe (worn)
 j - a +0 shield
Scrolls
 d - a scroll of fog {unknown}
 k - a scroll of amnesia {unknown}
 l - a scroll of enchant armour {unknown}
Potions
 e - 2 potions of haste
 i - a potion of berserk rage {unknown}
 m - a potion of flight
 n - a potion of cancellation {unknown}
Books
 b - a book of Callings

   Spells                             Type                      Level
   a - Summon Small Mammal            Summoning                    1
   b - Call Imp                       Summoning                    2
   c - Call Canine Familiar           Summoning                    3
   d - Summon Guardian Golem          Hexes/Summoning              3
   e - Summon Lightning Spire         Summoning/Air                4
   f - Summon Ice Beast               Ice/Summoning                4
Comestibles
 c - 3 bread rations
 o - a meat ration


   Skills:
 + Level 3.2 Dodging
 - Level 2.4 Stealth
 + Level 4.0 Spellcasting
 + Level 5.0 Summonings


You had 7 spell levels left.
You knew the following spells:

 Your Spells              Type           Power        Failure   Level  Hunger
a - Summon Small Mammal   Summ           ###.         1%          1    None
b - Call Imp              Summ           ###.....     2%          2    ##.....


Dungeon Overview and Level Annotations

Branches:
Dungeon (2/15)

Altars:
Uskayaw


Message History

The adder is almost dead.
The adder bites you.
You are lethally poisoned!
The adder poisons you!
Your crimson imp completely misses the adder.
Your crimson imp closely misses the adder.
You closely miss the adder.
The adder is almost dead.
You feel sick.
Your crimson imp disappears in a puff of smoke!
The adder bites you.
* * * LOW HITPOINT WARNING * * *
Your crimson imp barely misses the adder.
The adder completely misses you.
It was a potion of flight.
You feel very buoyant.
You fly up into the air.
* * * LOW HITPOINT WARNING * * *
You feel sick. The adder bites you.
You die...

#..........÷#
#........#..# #.....#
#........#..# #.....#
#........#..###.$...#
#........##..##.....#
#........##.5##....%#
#........###..#.....#
#........# #.§#.....#
##########
##.#.@S..###
#.....5...####
#........5...#
##..#...#.##.#
#.>#.###.# # ####..
.# .... . ..<.!. .
#.......


You could see an adder and 2 friendly crimson imps.

Vanquished Creatures
  A worm (D:2)
  A giant cockroach (D:2)
  3 goblins
  A hobgoblin (D:1)
  2 bats
  2 rats
10 creatures vanquished.

Vanquished Creatures (collateral kills)
  2 adders (D:2)
  2 dart slugs (D:1)
  A leopard gecko (D:1)
  A giant cockroach (D:1)
  7 goblins
  9 hobgoblins
  3 frilled lizards (D:2)
  7 kobolds
  7 rats
39 creatures vanquished.

Grand Total: 49 creatures vanquished

Notes
Turn   | Place    | Note
-------+----------+-------------------------------------------
     0 | D:1      | Mesmaeker13 the Deep Elf Summoner began the quest for the Orb.
     0 | D:1      | Reached XP level 1. HP: 10/10 MP: 6/6
   721 | D:1      | Reached XP level 2. HP: 15/15 MP: 5/8
  1683 | D:2      | Learned a level 2 spell: Call Imp
  1695 | D:2      | Reached XP level 3. HP: 15/19 MP: 5/10
  2044 | D:2      | Found a hide-covered altar of Uskayaw.
  2067 | D:2      | Reached skill level 5 in Summonings
  2504 | D:2      | Slain by an adder

Skill      XL: |  1  2  3 |
---------------+----------+-----
Dodging        | 3 |  3.2
Summonings     | 5 |  5.0
Spellcasting   | 4 |  4.0
Stealth        | |  2.4

Action                   || total
-------------------------++-------
Melee: Club              ||    18
       Unarmed           ||     7
       Dagger            ||    70
 Cast: Summon Small Mamm ||    32
       Call Imp          ||    13
  Use: Potion            ||     1
 Stab: Distracted        ||     1
       Sleeping          ||     3
  Eat: Chunk             ||     5
Armor: Robe              ||    17
Dodge: Dodged            ||    67
